Match 45117746
Unlisted

Match 45117746
End
Construct Infanterie Kompanie
Kettenkrad Recon Vehicle
Selects Terror Battlegroup
Selects Machine Gun Camouflage
MG 42 Machine Gun Team
MG 42 Machine Gun Team
Sniper
MG 42 Machine Gun Team
Infanterie Officer Quarters
Construct Luftwaffe Kompanie
Jäger Squad
Jäger Squad
Luftwaffe Officer Quarters
Selects Interrogate
Medical Station
Jäger Squad
P Guard
chmod 777
Winter-Officer
Cloud
ETfromMARS
Mineblox
0
0

Comments sign in to comment!

No comments posted yet!